 Dungeon Crawl Stone Soup version 0.19-a0-1401-g902f63d (webtiles) character file.

450 Amnesiac the Reanimator (level 6, -3/32 HPs)
             Began as a Deep Elf Necromancer on Sept 4, 2016.
             Slain by an orc
             ... wielding a +0 trident
              (12 damage)
             ... on level 4 of the Dungeon.
             The game lasted 00:05:48 (2219 turns).

Amnesiac the Reanimator (Deep Elf Necromancer)      Turns: 2219, Time: 00:05:49

Health: -3/32      AC:  3    Str:  5    XL:     6   Next: 74%
Magic:  8/17       EV: 13    Int: 20    God:
Gold:   182        SH:  0    Dex: 17    Spells: 6 memorised, 2 levels left

rFire  . . .     SeeInvis .     j - +1 mace (crush)
rCold  . . .     Gourm    .     a - +0 robe
rNeg   . . .     Faith    .     (no shield)
rPois  .         Spirit   .     (no helmet)
rElec  .         Dismiss  .     n - +0 cloak
rCorr  .         Reflect  .     (no gloves)
MR     .....     Harm     .     (no boots)
Stlth  ++........               (no amulet)
                                (no ring)
                                (no ring)

@: lethally poisoned (-3 -> -3), regenerating
A: no striking features
a: no special abilities


You were on level 4 of the Dungeon.
You were not hungry.

You visited 1 branch of the dungeon, and saw 4 of its levels.

You collected 182 gold pieces.

Inventory:

Hand Weapons
 j - a +1 mace of crushing (weapon)
Armour
 a - a +0 robe (worn)
 e - a +0 buckler
 n - a +0 cloak (worn)
Scrolls
 k - a scroll of identify {unknown}
 l - 2 scrolls of blinking {unknown}
Potions
 d - 2 potions of beneficial mutation {unknown}
 f - 2 potions of cancellation {unknown}
 h - 2 potions of brilliance {unknown}
 i - 2 potions of curing {unknown}
 m - a potion of agility {unknown}
Books
 b - a book of Necromancy

   Spells                             Type                      Level
   a - Pain                           Necromancy                   1
   b - Animate Skeleton               Necromancy                   1
   c - Vampiric Draining              Necromancy                   3
   d - Regeneration                   Charms/Necromancy            3
   e - Animate Dead                   Necromancy                   4
   f - Control Undead                 Necromancy                   4
Comestibles
 c - 3 bread rations
 g - a beef jerky


   Skills:
 - Level 2.4 Dodging
 - Level 2.4 Stealth
 + Level 6.7 Spellcasting
 - Level 8.0 Necromancy


You had 2 spell levels left.
You knew the following spells:

 Your Spells              Type           Power        Failure   Level  Hunger
a - Animate Dead          Necr           N/A          4%          4    ###....
b - Animate Skeleton      Necr           N/A          1%          1    None
c - Control Undead        Necr           #####.....   4%          4    ###....
f - Vampiric Draining     Necr           #####.....   1%          3    #......
r - Regeneration          Chrm/Necr      ###.......   8%          3    #......
z - Pain                  Necr           ####         1%          1    None


Dungeon Overview and Level Annotations

Branches:
Dungeon (4/15)
 Temple: D:4-7

Altars:


Message History

The scorpion is severely wounded.
You feel life coursing into your body.
You feel sick. The scorpion stings you!
* * * LOW HITPOINT WARNING * * *
Casting: Vampiric Draining
Confirm with . or Enter, or press ? or * to list all spells.
Aiming: Vampiric Draining
Press: ? - help, Shift-Dir - straight line, f/p - scorpion
Aim: a scorpion (severely wounded)
You kill the scorpion!
You feel life coursing into your body.
You feel sick.
The orc appears out of thin air!
An orc comes into view. It is wielding a trident. x2
Unknown command.
Casting: Vampiric Draining
Confirm with . or Enter, or press ? or * to list all spells.
Your skin crawls.
The orc shouts!
You feel sick.
The orc hits you from afar with a trident!
You die...

...##.#.#
#....J......#...aJ.....
......#.#
#.#######...#.######...
...##.#.###.###
#..........#...
...##.#.#.#.†.#
##.##.####.#...
#######...#.#.#
######.# #.#...
###.###s# #...a..#
#a#... #.# #.#
#J#########J#...
#########.#
#.####.#....J....#...
..........#
#.o.@#a#.#########
########### ######.#.#
#.#a### #.....# #######


You could see an orc.

Vanquished Creatures
  A hippogriff (D:3)
  A scorpion (D:4)
  A crimson imp (D:4)
  An orc wizard (D:4)
  An orc priest (D:4)
  A worker ant (D:4)
  7 gnolls
  4 adders (D:2)
  2 oozes (D:3)
  A worm (D:2)
  2 dart slugs
  9 orcs
  2 goblins (D:2)
  4 hobgoblins
  A kobold (D:3)
  A bat (D:2)
  2 giant newts
  8 rats
49 creatures vanquished.

Notes
Turn   | Place    | Note
-------+----------+-------------------------------------------
     0 | D:1      | Amnesiac the Deep Elf Necromancer began the quest for the Orb.
     0 | D:1      | Reached XP level 1. HP: 10/10 MP: 6/6
     5 | D:2      | Found a faded altar of an unknown god.
    10 | D:2      | Reached skill level 5 in Necromancy
    10 | D:2      | Reached XP level 2. HP: 10/15 MP: 2/8
   247 | D:2      | Reached XP level 3. HP: 16/19 MP: 6/10
   252 | D:2      | Learned a level 3 spell: Regeneration
   257 | D:2      | Learned a level 3 spell: Vampiric Draining
   513 | D:2      | Reached skill level 6 in Necromancy
   687 | D:3      | Noticed a hippogriff
   749 | D:3      | Reached XP level 4. HP: 12/24 MP: 1/12
  1318 | D:3      | Killed a hippogriff
  1318 | D:3      | Reached skill level 5 in Spellcasting
  1318 | D:3      | Reached skill level 7 in Necromancy
  1318 | D:3      | Reached XP level 5. HP: 5/28 MP: 2/14
  1581 | D:4      | Reached XP level 6. HP: 25/32 MP: 9/15
  1587 | D:4      | Learned a level 4 spell: Animate Dead
  1589 | D:4      | Learned a level 1 spell: Animate Skeleton
  1648 | D:4      | Reached skill level 8 in Necromancy
  1691 | D:4      | Learned a level 4 spell: Control Undead
  2219 | D:4      | Slain by an orc

Vault maps used:
D:1:      dpeg_arrival_refuge
D:2:      ecumenical_altar_2
D:3:      gup_sewer_entry_bowl, first_bread
D:4:      minmay_misc_feat_enclosed

Skill      XL: |  1  2  3  4  5  6 |
---------------+-------------------+-----
Necromancy     | 5 6 7 8 |  8.0
Spellcasting   | 4 5 6 |  6.7
Dodging        | |  2.4
Stealth        | |  2.4

Action                   |  1- 3 |  4- 6 || total
-------------------------+-------+-------++-------
Melee: Mace              |       |    24 ||    24
 Cast: Pain              |    43 |    66 ||   109
       Regeneration      |     1 |     7 ||     8
       Vampiric Draining |       |    10 ||    10
  Eat: Chunk             |       |     5 ||     5
Armor: Robe              |       |     5 ||     5
Dodge: Dodged            |     1 |    37 ||    38
